 Dungeon Crawl Stone Soup version 0.31-a0-1615-ga12eea2 (webtiles) character file.

Game seed: 11100277341334014897

180305 PublicAnimeNo1 the Slicer (level 17, -1/130 (135) HPs)
             Began as a Demonspawn Alchemist on Jan 9, 2024.
             Was the Champion of Yredelemnul.
             Shot with a bolt by a naga sharpshooter (3 damage)
             ... on level 4 of the Snake Pit.
             The game lasted 01:28:12 (27325 turns).

PublicAnimeNo1 the Slicer (Demonspawn Alchemist)   Turns: 27325, Time: 01:28:12

HP:   -1/130 (135)  AC: 18    Str: 16    XL:     17   Next: 64%
MP:   6/29          EV: 17    Int: 21    God:    Yredelemnul [******]
Gold: 3660          SH: 10    Dex: 23    Spells: 12/32 levels left

rFire   . . .        l - +6 quick blade "Gorchacroi" {heavy, Str+5 Dex+3}
rCold   . . .        d - +3 warlock's mirror {omnireflect}
rNeg    . . .        x - +3 leather armour
rPois   .            (helmet unavailable)
rElec   .            O - +0 cloak
rCorr   .            c - +1 pair of gloves
SInv    .            U - +0 pair of boots
Will    +....        j - amulet of regeneration
Stlth   ++++         f - +6 ring of dexterity
HPRegen 1.21/turn    y - +4 ring of protection
MPRegen 0.21/turn

%: reflection
@: lethally poisoned (-1 -> -9), slowed, studying 3 skills, lightly drained,
very slow
A: horns 3, yellow scales 2, foul stench 1, demonic magic 2
a: Renounce Religion, Recall Undead Harvest, Dark Bargain, Drain Life, Bind Soul


You were on level 4 of the Snake Pit.
You worshipped Yredelemnul.
Yredelemnul was pleased with you.
You visited 5 branches of the dungeon, and saw 27 of its levels.
You also visited: Gauntlet and Ice Cave.

You collected 3660 gold pieces.

Inventory:

Hand Weapons
 a - a +1 short sword of electrocution
 l - the +6 quick blade "Gorchacroi" (weapon) {heavy, Str+5 Dex+3}
   (You acquired it on level 1 of the Lair of Beasts)

   Str+5:     It affects your strength (+5).
   Dex+3:     It affects your dexterity (+3).
Missiles
 e - 6 throwing nets
Armour
 c - a +1 pair of gloves (worn)
 d - the +3 warlock's mirror (worn) {omnireflect}
   (You found it on level 11 of the Dungeon)

   Omnireflect: It can block and reflect piercing ranged attacks and magical
   attacks against the wielder's willpower.
 x - a +3 leather armour (worn)
 O - a +0 cloak (worn)
 U - a +0 pair of boots (worn)
Magical Staves
 b - a staff of alchemy
Jewellery
 f - a +6 ring of dexterity (left hand)
 j - an amulet of regeneration (around neck)
 q - a ring of willpower
 y - a +4 ring of protection (right hand)
 I - a +6 ring of dexterity
 J - a ring of resist corrosion
 K - a +5 ring of evasion
 T - a ring of magical power
 X - a ring of willpower
 Y - a ring of wizardry
 Z - a ring of ice
Wands
 p - a wand of light (9)
 r - a wand of paralysis (34)
 t - a wand of flame (34)
 E - a wand of polymorph (5)
 F - a wand of iceblast (26)
 N - a wand of mindburst (52)
Scrolls
 g - 4 scrolls of poison
 k - a scroll of brand weapon
 n - 4 scrolls of enchant armour
 v - 3 scrolls of identify
 w - 2 scrolls of immolation
 A - 6 scrolls of amnesia
 C - 4 scrolls of revelation
 D - 4 scrolls of teleportation
 H - a scroll of blinking
 L - 2 scrolls of enchant weapon
 R - a scroll of vulnerability
 S - 5 scrolls of fog
Potions
 h - 5 potions of enlightenment
 i - 3 potions of might
 m - a potion of heal wounds
 o - 5 potions of attraction
 s - 5 potions of curing
 u - 3 potions of lignification
 z - 2 potions of haste
 B - 5 potions of degeneration
 G - 5 potions of brilliance
 P - 2 potions of cancellation
 Q - 2 potions of magic
 V - 3 potions of berserk rage
 W - 4 potions of mutation
Miscellaneous
 M - a box of beasts


   Skills:
 + Level 12.9 Fighting
 - Level 14.0 Short Blades
 + Level 4.6 Armour
 + Level 7.9 Dodging
 - Level 8.1 Stealth
 - Level 7.3 Shields
 + Level 8.1 Spellcasting
 - Level 6.0 Conjurations
 + Level 10.1 Hexes
 - Level 4.0 Fire Magic
 - Level 2.0 Air Magic
 - Level 12.0 Alchemy
 - Level 13.5 Invocations
 - Level 4.8 Evocations


You had 12 spell levels left.
You knew the following spells:

 Your Spells              Type           Power      Damage    Failure   Level
a - Sting                 Conj/Alch      100%       1d9       1%          1
b - Olgreb's Toxic Radia  Alch           56%        N/A       1%          4
c - Mephitic Cloud        Conj/Alch/Air  36%        N/A       2%          3
d - Sticky Flame          Fire/Alch      42%        2d8       4%          4
e - Yara's Violent Unrav  Hex/Alch       26%        3d11      3%          5
f - Confusing Touch       Hex            50%        N/A       1%          3

Your spell library contained the following spells:

 Spells                   Type           Power      Damage    Failure   Level
 Mercury Vapours          Alch/Air       76%        N/A       1%          2
 Tukima's Dance           Hex            50%        N/A       1%          3
 Kiss of Death            Conj/Necr      84%        2d11      3%          1
 Scorch                   Fire           50%        2d7       3%          2
 Static Discharge         Conj/Air       50%        3-6/arc   3%          2
 Leda's Liquefaction      Alch/Erth      16%        N/A       10%         4
 Petrify                  Alch/Erth      33%        N/A       10%         4
 Stone Arrow              Conj/Erth      42%        3d9       11%         3
 Apportation              Tloc           16%        N/A       12%         1
 Necrotise                Necr           32%        1d5       12%         1
 Sandblast                Erth           16%        2d6       12%         1
 Summon Small Mammal      Summ           32%        N/A       12%         1
 Flame Wave               Conj/Fire      29%        2d9       16%         4
 Frozen Ramparts          Ice            16%        1d3       34%         3
 Passwall                 Erth           8%         N/A       34%         3
 Vampiric Draining        Necr           8%         2d6       34%         3
 Brom's Barrelling Bould  Conj/Erth      21%        2d4       34%         4
 Metabolic Englaciation   Hex/Ice        14%        N/A       38%         5
 Airstrike                Air            8%         2d(2-18)  45%         4
 Summon Lightning Spire   Summ/Air       12%        N/A       61%         4
 Freezing Cloud           Conj/Ice/Air   9%         6-21      73%         5
 Dispel Undead            Necr           8%         3d8       75%         4
 Martyr's Knell           Necr/Summ      8%         N/A       75%         4
 Passage of Golubria      Tloc           8%         N/A       75%         4
 Sculpt Simulacrum        Ice/Alch       16%        N/A       83%         6
 Curse of Agony           Necr           8%         N/A       97%         5
 Summon Cactus Giant      Summ           4%         N/A       100%        6


Dungeon Overview and Level Annotations

Branches:
Dungeon (15/15)            Temple (1/1) D:4            Lair (5/5) D:9
  Swamp (0/4) Lair:2        Snake (4/4) Lair:3        Slime (0/5) Lair:4
    Orc (2/2) D:10            Elf (0/3) Orc:2        Vaults (0/5) D:13
 Depths (0/4) D:15          IceCv (visited)         Gauntlet (visited)

Altars:
Ashenzari
Cheibriados
Dithmenos
Fedhas
Gozag
Hepliaklqana
Kikubaaqudgha
Makhleb
Nemelex Xobeh
Okawaru
Qazlal
Ru
Sif Muna
Trog
Uskayaw
Vehumet
Wu Jian
Xom
Yredelemnul

Shops:
D:8 (   D:9 ?   Orc:2 :(*[(   Snake:4 **

Annotations:
D:8 exclusion: statue
D:10 1 runed translucent door, roomforsquares's ghost, journeyman TrGl
D:15 Roxanne
Lair:1 exclusion: oklob plant


Innate Abilities, Weirdness & Mutations

You have a pair of large horns on your head.
You are mostly covered in yellow scales. (AC +3)
You may rarely emit foul miasma when damaged in melee.
Spells you cast may paralyse nearby enemies.


Message History

The bolt of poison hits your skeletal warrior.
Your skeletal warrior completely resists.
The bolt of poison hits your nagaraja zombie.
Your nagaraja zombie completely resists.
The bolt of poison hits you.
You are poisoned.
* * * LOW HITPOINT WARNING * * *
Items here: )) [[.
You swap places.
* * * LOW HITPOINT WARNING * * *
You feel extremely sick.
Your anaconda zombie grabs the nagaraja.
Your anaconda zombie bites the nagaraja!
Your anaconda zombie constricts the nagaraja.
Your anaconda zombie constricts something.
You feel a bit more experienced.
The nagaraja hits your nagaraja zombie with a +0 spear!
The nagaraja constricts your skeletal warrior.
Something hits your skeletal warrior.
Your skeletal warrior is destroyed!
Your skeletal warrior disappears in a puff of smoke!
Your shock serpent zombie bites the naga sharpshooter but does no damage.
The naga sharpshooter gestures wildly while chanting.
The naga sharpshooter magically shoots a bolt.
You block the bolt with your +3 warlock's mirror {omnireflect}... and reflect it back!
The naga sharpshooter shoots a bolt.
The bolt barely misses your naga mage zombie.
The bolt misses you.
Your anaconda zombie bites the nagaraja!
The nagaraja dies!
Something hits your guardian serpent zombie!
Your guardian serpent zombie is destroyed!
Something hits Donald but does no damage.
The naga sharpshooter shoots a bolt.
The bolt closely misses your naga mage zombie.
The bolt hits you!
* * * LOW HITPOINT WARNING * * *
You feel drained.
You die...
Your body rises from the dead as a mindless zombie.

.#.#.#.#...).)#Z###Z##.......#.##
......#)....)...####Z.......####
.....#.......Z...###.......## ###
....#.............##.......# #..
....#########Z....##Z......######
.....##....ZZ.....###...#....#≈∩≈
.....#.....Z.....## #.####.......
.....#....######### #Z####......Z
.....##.........@Z###ZZ..........
......###......ZZZ.N##Z......#≈∩≈
.......#########.))N.#.Z.....####
.......#.# ##ZZZ.##.........#
........# #§S)Z.##.#Z......##
........# .N..NZ.####..ZZ....##
.......# #.N.NN..##.###..Z....##
.......## ##.N.####...###......##
##.#)...#


#.NNN #....###.....## You could see 2 naga sharpshooters, the friendly Donald
the bound human, 2 friendly anaconda zombies, 2 friendly naga zombies, a
friendly naga mage zombie, a friendly nagaraja zombie, a friendly shock serpent
zombie and a friendly salamander mystic zombie.

Vanquished Creatures
  Vashnia (Snake:2)
  Aizul (Snake:1)
  A nagaraja (Snake:1)
  An orc warlord (Orc:2)
  Nessos (D:15)
  Azrael (Orc:2)
  A minotaur (Gauntlet)
  Snorg (D:10)
  Josephine (D:15)
  A salamander tyrant (Snake:4)
  Harold (Orc:1)
  3 hydras
  2 boulder beetles
  3 catoblepae
  Erica (Orc:1)
  6 anacondas
  An ogre mage (D:15)
  5 two-headed ogres
  A centaur warrior (D:15)
  2 death yaks (Lair:5)
  4 naga warriors
  A shock serpent (Snake:2)
  5 naga sharpshooters
  An occultist (D:11)
  2 orc high priests (Orc:2)
  4 salamander mystics
  A sea snake (Snake:1)
  A skeletal warrior (D:12)
  6 mana vipers
  2 naga ritualists (Snake:3)
  An arcanist (D:11)
  2 lindwurms
  5 deep elf pyromancers
  3 necromancers
  2 ugly things (D:14)
  2 orc knights (Orc:2)
  9 salamanders
  3 orc sorcerers
  3 cyclopes
  2 manticores
  Maurice (D:7)
  3 naga magi
  9 elephants
  20 black mambas
  5 kobold blastminers
  3 guardian serpents (Snake:4)
  A molten gargoyle (D:14)
  An ice statue (IceCv)
  Maggie (D:7)
  7 komodo dragons
  2 rime drakes
  6 cane toads
  A kobold demonologist (D:9)
  3 freezing wraiths (IceCv)
  A tengu conjurer (D:13)
  12 ice devils (IceCv)
  2 anaconda simulacra (IceCv)
  A queen bee (shapeshifter) (D:14)
  4 trolls
  2 hornets
  2 polar bears
  8 blink frogs
  3 dream sheep (Lair:3)
  14 slime creatures
  A dire elephant simulacrum (IceCv)
  A vampire (D:10)
  2 shadows
  24 yaks
  A spriggan skeleton (D:15)
  6 wyverns
  3 basilisks
  A wraith (D:10)
  3 fire elementals (Orc:2)
  Grum (D:10)
  A neqoxec (Gauntlet)
  2 vampire mosquitoes (D:13)
  A steam dragon (D:9)
  4 death yak simulacra (IceCv)
  2 chaos spawn (Gauntlet)
  15 nagas
  A harpy simulacrum (IceCv)
  Edmund (D:5)
  13 water moccasins
  Duvessa (D:5)
  A hell hound (Orc:2)
  6 ice beasts
  18 orc warriors
  A black bear (D:6)
  2 ogres
  25 wolves
  7 centaurs
  5 kobold brigands
  8 bullfrogs
  2 gnoll sergeants
  A two-headed ogre simulacrum (IceCv)
  3 cane toad simulacra (IceCv)
  5 scorpions
  Dowan (D:5)
  3 elephant simulacra (IceCv)
  9 killer bees
  2 electric eels
  A bullfrog zombie (D:4)
  5 howler monkeys
  3 lava snakes (D:14)
  A bombardier beetle (D:5)
  15 orc priests
  A hound (D:5)
  2 sleepcaps (D:7)
  Natasha (D:3)
  17 orc wizards
  2 polar bear simulacra (IceCv)
  A troll simulacrum (IceCv)
  5 wolf simulacra (IceCv)
  7 gnolls
  6 adders
  3 naga simulacra (IceCv)
  7 white imps
  2 ufetubi (D:7)
  3 adder zombies
  An adder skeleton (D:3)
  3 ribbon worms
  75 orcs
  2 ball pythons (D:2)
  5 bats
  5 endoplasms
  5 giant cockroaches
  6 hobgoblins
  7 jackals
  23 kobolds
  2 quokkas (D:4)
  A ball python zombie (D:3)
  A frilled lizard (D:2)
  A giant cockroach simulacrum (D:3)
  5 goblins
  A jackal skeleton (D:3)
  7 rats
  2 butterflies
623 creatures vanquished.

Vanquished Creatures (collateral kills)
  Agnes (D:15)
  3 nagarajas (Snake:4)
  Fannar (D:10)
  3 salamander tyrants
  A great orb of eyes (Gauntlet)
  3 hydras
  Erolcha (Orc:1)
  A sphinx zombie (D:15)
  A boulder beetle (D:13)
  7 anacondas
  A centaur warrior (D:14)
  A death yak (Lair:5)
  A deep troll shaman (Lair:5)
  5 two-headed ogres
  An occultist (D:11)
  2 tengu warriors
  A vampire mage (D:15)
  An orc high priest (Orc:2)
  9 naga warriors
  4 shock serpents
  13 naga sharpshooters
  Sonja (D:10)
  10 skeletal warriors
  3 salamander mystics (Snake:4)
  A storm dragon skeleton (D:15)
  2 mana vipers
  A sea snake (Snake:2)
  2 arcanists (D:11)
  3 naga ritualists
  A necromancer (Gauntlet)
  4 orc knights
  A lindwurm (Lair:5)
  4 ugly things
  5 salamanders
  3 orc sorcerers
  A cyclops (D:13)
  An ice statue (Lair:3)
  2 kobold blastminers (Orc:2)
  15 black mambas
  9 slime creatures
  7 elephants
  4 guardian serpents
  3 cane toads
  10 naga magi
  A molten gargoyle (D:14)
  A torpor snail (Lair:5)
  An unseen horror (D:13)
  A kobold demonologist (D:13)
  A freezing wraith (Lair:3)
  A rime drake (Lair:1)
  A polar bear (shapeshifter) (D:14)
  3 trolls
  3 polar bears
  A hornet (D:9)
  4 blink frogs
  3 dream sheep (Lair:3)
  7 wraiths
  12 yaks
  A wyvern (D:10)
  3 fire elementals (Orc:2)
  A vampire mosquito (D:13)
  2 wargs
  21 nagas
  2 harpy simulacra (IceCv)
  An acid dragon (D:9)
  5 water moccasins
  2 hydra simulacra (IceCv)
  9 orc warriors
  3 black bears (D:9)
  7 ice beasts
  An ogre (Orc:2)
  8 wolves
  2 centaurs (D:9)
  2 kobold brigands (D:13)
  A bullfrog (D:9)
  A gnoll sergeant (D:6)
  2 scorpions
  A cane toad simulacrum (IceCv)
  2 howler monkeys
  5 electric eels
  2 lava snakes (D:14)
  4 orc priests
  An iguana (D:5)
  7 orc wizards (Orc:2)
  2 wolf simulacra (IceCv)
  5 gnolls
  A white imp (D:8)
  5 orcs
  2 kobolds (D:13)
  2 butterflies
307 creatures vanquished.

Vanquished Creatures (others)
  4 anaconda zombies (Snake:4)
  2 shock serpent zombies
  3 mana viper zombies (Snake:4)
  An unseen horror zombie (D:13)
  A spectral elephant (Lair:5)
  2 guardian serpent zombies (Snake:4)
  4 black mamba zombies
  A yak (D:11)
  3 spectral ice devils (IceCv)
  A naga (Snake:4)
  A human zombie (D:15)
  2 two-headed ogre zombies
  A cane toad zombie (Lair:2)
  2 blink frog zombies (Lair:3)
  2 hornet zombies
  An elf zombie (D:13)
  3 elephant zombies
  A komodo dragon zombie (Lair:2)
  A spectral neqoxec (Gauntlet)
  4 salamander zombies
  A wyvern zombie (D:10)
  3 water moccasin zombies
  4 yak zombies
  A polar bear zombie (Lair:5)
  6 wolf zombies
  3 centaur zombies
  A black bear zombie (D:9)
  A bullfrog zombie (Lair:2)
  2 scorpion zombies
  3 killer bee zombies (D:10)
  16 naga zombies
  A hound zombie (D:5)
  2 howler monkey zombies
  A steam dragon zombie (D:9)
  An iguana zombie (D:5)
  A lava snake zombie (D:14)
  An orc (D:7)
  2 gnoll zombies
  7 kobold zombies
  38 orc zombies
135 creatures vanquished.

Grand Total: 1065 creatures vanquished

Notes
Turn   | Place    | Note
-------+----------+-------------------------------------------
     0 | D:1      | PublicAnimeNo1 the Demonspawn Alchemist began the quest for
                  | the Orb.
     0 | D:1      | Reached XP level 1. HP: 13/13 MP: 3/3
   151 | D:1      | Gained mutation: You are partially covered in yellow
                  | scales. (AC +2) [demonic ancestry]
   151 | D:1      | Reached XP level 2. HP: 19/19 MP: 1/5
   841 | D:2      | Gained mutation: Spells you cast may paralyse adjacent
                  | enemies. [demonic ancestry]
   841 | D:2      | Reached XP level 3. HP: 23/24 MP: 2/6
  1433 | D:2      | Found a faded altar of an unknown god.
  1787 | D:3      | Gained mutation: You have a pair of small horns on your
                  | head. [demonic ancestry]
  1787 | D:3      | Reached XP level 4. HP: 30/30 MP: 5/7
  1961 | D:3      | Reached skill level 5 in Alchemy
  2105 | D:3      | Noticed Natasha
  2131 | D:3      | Killed Natasha
  2258 | D:3      | Identified the +2 dagger of Eternal Vigilance {pain, *Rage
                  | +Blink rF+}
  2780 | D:4      | Found a staircase to the Ecumenical Temple.
  2793 | Temple   | Entered the Ecumenical Temple
  2825 | D:4      | Reached skill level 1 in Short Blades
  2825 | D:4      | Reached XP level 5. HP: 35/35 MP: 5/8
  3001 | D:4      | Found a basalt altar of Yredelemnul.
  3009 | D:4      | Became a worshipper of Yredelemnul the Dark
  3077 | D:4      | Found a hazy altar of Hepliaklqana.
  3146 | D:4      | Found a bloodstained altar of Trog.
  3377 | D:5      | Entered Level 5 of the Dungeon
  3511 | D:5      | Reached * piety under Yredelemnul
  3604 | D:5      | Reached skill level 2 in Short Blades
  3604 | D:5      | Reached XP level 6. HP: 41/41 MP: 5/10
  3835 | D:5      | Noticed an ice beast
  3843 | D:5      | Killed an ice beast
  3844 | D:5      | Reached skill level 3 in Short Blades
  3844 | D:5      | Reached XP level 7. HP: 46/46 MP: 12/12
  3850 | D:5      | Reached ** piety under Yredelemnul
  3886 | D:5      | Noticed Edmund
  3925 | D:5      | Killed Edmund
  3989 | D:5      | Noticed Duvessa
  3989 | D:5      | Noticed Dowan
  4005 | D:5      | Killed Duvessa
  4006 | D:5      | Reached skill level 1 in Invocations
  4009 | D:5      | Killed Dowan
  4104 | D:5      | Reached *** piety under Yredelemnul
  4408 | D:6      | Reached skill level 4 in Short Blades
  4528 | D:6      | Gained mutation: You have a pair of horns on your head.
                  | [demonic ancestry]
  4528 | D:6      | Reached XP level 8. HP: 53/53 MP: 10/14
  4596 | D:6      | Found a broken altar of Ashenzari.
  4655 | D:6      | Noticed a boulder beetle
  4679 | D:6      | Killed a boulder beetle
  4947 | D:6      | Reached skill level 5 in Invocations
  5137 | D:6      | Gained mutation: You are mostly covered in yellow scales.
                  | (AC +3) [demonic ancestry]
  5137 | D:6      | Reached XP level 9. HP: 61/64 MP: 4/15
  5820 | D:7      | You fall into a shaft and drop 2 floors!
  5843 | D:9      | Learned a level 4 spell: Olgreb's Toxic Radiance
  5847 | D:9      | Learned a level 3 spell: Mephitic Cloud
  5847 | D:9      | Found Bakue's Magic Scroll Emporium.
  5875 | D:9      | Found a shadowy altar of Dithmenos.
  5910 | D:8      | Reached skill level 1 in Air Magic
  6306 | D:8      | Found a sacrificial altar of Ru.
  6378 | D:8      | Found Ishroofiff's Weapon Emporium.
  6411 | D:8      | Noticed a six-headed hydra
  6412 | D:8      | Noticed a tengu warrior
  6425 | D:8      | Killed a six-headed hydra
  6435 | D:8      | Killed a tengu warrior
  6436 | D:8      | Reached XP level 10. HP: 66/70 MP: 0/16
  6601 | D:8      | Found a radiant altar of Vehumet.
  6914 | D:7      | Noticed Maggie
  6930 | D:7      | Killed Maggie
  7459 | D:7      | Found an opulent altar of Gozag.
  7464 | D:7      | Noticed Maurice
  7477 | D:7      | Killed Maurice
  7478 | D:7      | Reached skill level 5 in Conjurations
  7730 | D:7      | Found an ornate altar of the Wu Jian Council.
  7840 | D:9      | Reached skill level 5 in Dodging
  7860 | D:9      | Found a snail-covered altar of Cheibriados.
  7976 | D:9      | Reached **** piety under Yredelemnul
  7976 | D:9      | Found a staircase to the Lair.
  8197 | D:9      | Reached skill level 10 in Alchemy
  8263 | D:9      | Gained mutation: Spells you cast may paralyse nearby
                  | enemies. [demonic ancestry]
  8263 | D:9      | Reached XP level 11. HP: 76/78 MP: 13/18
  8587 | D:9      | Found a stormy altar of Qazlal.
  8638 | D:9      | Noticed a two-headed ogre
  8658 | D:9      | Killed a two-headed ogre
  8679 | D:9      | Reached skill level 5 in Fighting
  8796 | D:9      | Found a blossoming altar of Fedhas.
  8854 | D:10     | Entered Level 10 of the Dungeon
  8873 | D:10     | Reached skill level 10 in Invocations
  8937 | D:10     | Noticed Snorg
  8950 | D:10     | Killed Snorg
  9025 | D:10     | Noticed Fannar
  9051 | D:10     | Killed Fannar
  9144 | D:10     | Reached skill level 5 in Stealth
  9309 | D:10     | Found a staircase to the Orcish Mines.
  9329 | D:10     | Found a runed translucent door.
  9330 | D:10     | Noticed Grum
  9337 | D:10     | Noticed a deep elf pyromancer
  9337 | D:10     | Noticed roomforsquares's ghost (journeyman TrGl)
  9343 | D:10     | Killed Grum
  9344 | D:10     | Reached skill level 5 in Short Blades
  9483 | D:10     | Noticed a two-headed ogre
  9490 | D:10     | Killed a two-headed ogre
  9588 | D:10     | Found an iron altar of Okawaru.
  9700 | D:10     | Identified the +1 flail "Spider's Nightmare" {drain, rElec
                  | rC+ Str-2}
 10021 | D:10     | Found a shimmering altar of Xom.
 10083 | D:10     | Noticed Sonja
 10095 | D:10     | Killed Sonja
 10264 | D:10     | Identified a scroll of acquirement
 10264 | D:10     | Acquired 1019 gold pieces
 10289 | Orc:1    | Entered Level 1 of the Orcish Mines
 10289 | Orc:1    | Noticed an orc sorcerer
 10291 | Orc:1    | Killed an orc sorcerer
 10301 | Orc:1    | Noticed Erolcha
 10304 | Orc:1    | Noticed Harold
 10354 | Lair:1   | Entered Level 1 of the Lair of Beasts
 10386 | Lair:1   | Found a gate leading to a gauntlet.
 10473 | Gauntlet | Entered a Gauntlet
 10473 | Gauntlet | Found a transporter.
 10478 | Gauntlet | Noticed a necromancer
 10485 | Gauntlet | Found a transporter.
 10485 | Gauntlet | Found a transporter.
 10486 | Gauntlet | Found a transporter.
 10494 | Gauntlet | Found a transporter.
 10497 | Gauntlet | Found a transporter.
 10498 | Gauntlet | Found a transporter.
 10500 | Gauntlet | Noticed a cyan ugly thing
 10505 | Gauntlet | Noticed a great orb of eyes
 10510 | Gauntlet | Found a transporter.
 10511 | Gauntlet | Found a transporter.
 10515 | Gauntlet | Found a transporter.
 10519 | Gauntlet | Found a transporter.
 10522 | Gauntlet | Found a transporter.
 10523 | Gauntlet | Found a transporter.
 10524 | Gauntlet | Noticed a catoblepas
 10526 | Gauntlet | Noticed a dire elephant
 10527 | Gauntlet | Found a runed translucent door.
 10527 | Gauntlet | Found a runed translucent door.
 10531 | Gauntlet | Found a transporter.
 10610 | Gauntlet | Learned a level 4 spell: Sticky Flame
 10632 | Gauntlet | Killed a necromancer
 10701 | Gauntlet | Gained mutation: You have a pair of large horns on your
                  | head. [demonic ancestry]
 10701 | Gauntlet | Reached XP level 12. HP: 88/88 MP: 12/20
 10755 | Gauntlet | Killed a great orb of eyes
 10818 | Gauntlet | Identified the +1 hat "Siengod" {Int+4}
 10836 | Gauntlet | Noticed a minotaur
 10846 | Gauntlet | Killed a minotaur
 10894 | Gauntlet | Got Buuth's Elucidation of the Iceberg
 10901 | Lair:1   | Acquired the +6 quick blade "Gorchacroi" {heavy, Str+5
                  | Dex+3}
 11144 | Lair:1   | Noticed a catoblepas
 11159 | Lair:1   | Killed a catoblepas
 11347 | Lair:1   | Reached skill level 6 in Short Blades
 12013 | Lair:2   | Identified the +0 scale mail "Idesez" {Rampage rN+ rCorr
                  | Dex-2}
 12273 | Lair:2   | Reached skill level 5 in Spellcasting
 12278 | Lair:2   | Reached skill level 7 in Short Blades
 12689 | Lair:2   | Found a staircase to the Swamp.
 13206 | Lair:3   | Reached XP level 13. HP: 39/96 MP: 7/21
 13451 | Lair:3   | Found a staircase to the Snake Pit.
 13457 | Lair:3   | Reached ***** piety under Yredelemnul
 13821 | Lair:3   | Reached ****** piety under Yredelemnul
 13889 | Lair:3   | Reached skill level 8 in Short Blades
 14092 | Lair:4   | Found a staircase to the Slime Pits.
 14508 | Lair:4   | Learned a level 5 spell: Yara's Violent Unravelling
 14909 | Lair:4   | Reached skill level 1 in Hexes
 15101 | Lair:5   | Entered Level 5 of the Lair of Beasts
 15336 | Lair:5   | Reached skill level 9 in Short Blades
 15412 | Lair:5   | Found a frozen archway.
 15515 | IceCv    | Entered an ice cave
 15538 | IceCv    | Gained mutation: You may rarely emit foul miasma when
                  | damaged in melee. [demonic ancestry]
 15538 | IceCv    | Reached XP level 14. HP: 69/106 MP: 23/23
 15585 | IceCv    | Reached skill level 1 in Evocations
 15787 | IceCv    | Identified the +3 falchion "Embalmer" {spect, Str+3 Dex+5}
 15809 | IceCv    | Found an ancient bone altar of Kikubaaqudgha.
 15854 | IceCv    | Reached skill level 1 in Shields
 16947 | Lair:5   | Identified the +6 hand axe of Cataclysm {flame, *Noise
                  | Int+7 Dex+4}
 17417 | D:11     | Reached skill level 5 in Shields
 17749 | D:11     | Reached skill level 10 in Short Blades
 17769 | D:11     | HP: 4/106 [poisoned by an occultist (poison arrow)]
 18313 | D:11     | Found the +3 warlock's mirror {omnireflect}
 18567 | Orc:1    | Killed Harold
 18572 | Orc:1    | Killed Erolcha
 18836 | Orc:2    | Entered Level 2 of the Orcish Mines
 18839 | Orc:2    | Found Neer's Antique Weapon Shop.
 18859 | Orc:2    | Noticed Azrael
 18873 | Orc:2    | Killed Azrael
 18888 | Orc:2    | Found a staircase to the Elven Halls.
 18993 | Orc:2    | Noticed Donald
 19008 | Orc:2    | Killed Donald
 19008 | Orc:2    | Charmed Donald
 19009 | Orc:2    | Noticed an orc warlord
 19019 | Orc:2    | Reached skill level 11 in Short Blades
 19184 | Orc:2    | Reached XP level 15. HP: 112/112 MP: 19/24
 19585 | Orc:2    | Found Esadoi's General Store.
 19586 | Orc:2    | Found Lier's Book Boutique.
 19588 | Orc:2    | Found Etefuwef's Antique Armour Shop.
 19588 | Orc:2    | Found Fuuvux's Antique Weapon Shop.
 20016 | Orc:1    | Noticed Erica
 20026 | Orc:1    | Killed Erica
 21022 | D:12     | Reached skill level 5 in Hexes
 21300 | D:12     | Upgraded the game from 0.31-a0-1614-ge65d87d to
                  | 0.31-a0-1615-ga12eea2
 21361 | D:13     | Reached skill level 12 in Short Blades
 21372 | D:13     | Identified the +3 whip of Kuwnacafa {protect, rF- Str+4
                  | Int+4}
 21381 | D:13     | Reached skill level 10 in Fighting
 21742 | D:13     | Found a gate to the Vaults.
 22144 | D:15     | Entered Level 15 of the Dungeon
 22150 | D:15     | Noticed Nessos
 22162 | D:15     | Noticed Josephine
 22169 | D:15     | Killed Josephine
 22258 | D:15     | Noticed Agnes
 22264 | D:15     | Killed Agnes
 22338 | D:15     | Killed Nessos
 22380 | D:15     | Noticed Roxanne
 22403 | D:15     | Your ally Josephine died
 22412 | D:15     | Reached XP level 16. HP: 98/124 MP: 21/25
 22499 | D:15     | Found a staircase to the Depths.
 22899 | Snake:1  | Entered Level 1 of the Snake Pit
 22999 | Snake:1  | Reached skill level 13 in Short Blades
 23390 | Snake:1  | Identified the serpent talisman of Selim {rF+ rC+ Int-5
                  | Dex+3}
 23390 | Snake:1  | Noticed Aizul
 23400 | Snake:1  | Killed Aizul
 23480 | Snake:1  | Identified the +0 robe of Hide-and-Seek {rF+ rC+ Will-
                  | Int+3}
 23781 | Snake:1  | Identified the +1 trident of Ravage {vamp, rPois rF- rC+
                  | Int+3}
 24386 | Snake:2  | Learned a level 3 spell: Confusing Touch
 24589 | Snake:2  | Noticed Vashnia
 24646 | Snake:2  | Killed Vashnia
 24647 | Snake:2  | Reached skill level 1 in Armour
 25814 | Snake:3  | Reached XP level 17. HP: 133/133 MP: 27/27
 26154 | Snake:4  | Entered Level 4 of the Snake Pit
 26630 | Snake:4  | Reached skill level 14 in Short Blades
 27037 | Snake:4  | Found Xaffumn's General Store.
 27038 | Snake:4  | Found Isaxe's Specific Store.
 27294 | Snake:4  | Reached skill level 10 in Hexes
 27325 | Snake:4  | HP: 2/133 [naga sharpshooter/bolt (13)]
 27325 | Snake:4  | Shot with a bolt by a naga sharpshooter

Illustrated notes

Levels and vault maps discovered:
D:1:      spicycebolla_green_bress_n_ham, layout_rooms, chequers_avenue
D:2:      layout_rooms, chequers_ecumenical_altar_twisty
D:3:      layout_basic, dilly_guarded_unrand_morg
D:4:      layout_loops_ring, nicolae_hepliaklqana_hippocampus,
          lightli_temple_of_fire, lemuel_zombie_altar_yredelemnul,
          minmay_temple_entry_trees
D:5:      layout_gridville, tso_altar, minmay_manual_mandibuliform, uniq_edmund,
          uniq_duvessa
D:6:      layout_basic, ashenzari_conservatory_becter, nicolae_water_bricks,
          kennysheep_generic_room_5
D:7:      layout_loops_ring, mainiacjoe_overflow_small_starburst,
          nzn_wu_jian_council_hall, minmay_manual_macuahuitl, uniq_maggie,
          uniq_maurice
D:8:      layout_cave_pools, vehumet_statue, nicolae_ru_sacrificial_ziggurat,
          serial_shops, shop, minmay_manual_mail
D:9:      layout_loops_cross, mainiacjoe_overflow_catwalk,
          mainiacjoe_overflow_brackets, mainiacjoe_overflow_alcove_1,
          lemuel_doored_altar, kennysheep_little_box,
          due_lair_maze_entry_diamond, nicolae_take_the_stairs
D:10:     layout_loops_corners, regret_index_xom_buried_treasure,
          mainiacjoe_overflow_alcove_4, orc_0_dummy, ebering_ghost_inner_flame,
          uniq_snorg, uniq_sonja, uniq_fannar, uniq_grum
D:11:     minmay_smoke_and_mirrors, layout_cave_pods
D:12:     layout_stronghold
D:13:     layout_rooms, david_vaults_1
D:14:     cheibrodos_magma_flow, layout_gridville, minmay_misc_feat_hallway
D:15:     gammafunk_depths_entry_grave, layout_rooms, uniq_roxanne,
          uniq_josephine, uniq_nessos, uniq_agnes
Temple:   nicolae_temple_stand_before_the_council
Lair:1:   lemuel_slime, layout_cave_pods, gauntlet_entry_generic, minmay_holes,
          grunt_megastairs_4, serial_bayou_shore_b, lemuel_fruit_tree
Lair:2:   layout_loops_ring, swamp_mist_pool, infiniplex_staircase_pool_2,
          serial_bayou_shore_b, lemuel_fruit_fields
Lair:3:   layout_misc_corridors, minmay_snake_entry_six_corridors, ice2_lemuel,
          lemuel_fruit_fields
Lair:4:   layout_hall_layers, slime_entry_1, lemuel_fruit_fields,
          grunt_megastairs_3
Lair:5:   grunt_lair_end_beastmaster, layout_long_grid,
          portal_ice_cave_entry_pillars_2, lemuel_fruit_fields,
          grunt_megastairs_5
Snake:1:  layout_gridlike, serial_bayou_ford_a, uniq_aizul
Snake:2:  layout_basic, nicolae_snake_shapes, uniq_vashnia
Snake:3:  layout_grid_maze, nrook_guardian_serpent_ordinary
Snake:4:  grunt_snake_rune_serpentine_throne, layout_chambers,
          nicolae_specific_store, st_stairs_9
Orc:1:    layout_caves, uniq_harold, uniq_erolcha, uniq_erica
Orc:2:    st_orc_congregation, layout_caves, serial_shops, shop, uniq_azrael,
          uniq_donald

Skill      XL: |  1  2  3  4  5  6  7  8  9 10 11 12 13 14 15 16 17 |
---------------+----------------------------------------------------+-----
Alchemy        | 4 5 6 7 9 10 11 12 | 12.0
Short Blades   | 1 2 3 4 5 7 9 11 12 13 14 | 14.0
Spellcasting   | 3 4 5 6 7 8 |  8.1
Invocations    | 3 5 7 9 10 11 12 13 | 13.5
Stealth        | 2 3 4 5 6 8 |  8.1
Fighting       | 3 4 6 7 8 10 12 | 12.9
Dodging        | 4 5 6 7 |  7.9
Air Magic      | 2 |  2.0
Conjurations   | 4 6 |  6.0
Fire Magic     | 2 4 |  4.0
Hexes          | 2 7 9 10 | 10.1
Evocations     | 4 |  4.8
Shields        | 7 |  7.3
Armour         | 2 4 |  4.6

Action                     |  1- 3 |  4- 6 |  7- 9 | 10-12 | 13-15 | 16-18 || total
---------------------------+-------+-------+-------+-------+-------+-------++-------
  Melee: Dagger            |    22 |       |       |       |       |       ||    22
         Short sword       |    49 |    68 |    83 |   352 |   500 |       ||  1052
         Punch             |     1 |       |     1 |     5 |     4 |       ||    11
         Headbutt          |       |    16 |    16 |    90 |   214 |   146 ||   482
         Quick blade       |       |       |       |       |   196 |   435 ||   631
   Cast: Sting             |    61 |    33 |    83 |    62 |    18 |       ||   257
         Olgreb's Toxic Ra |       |       |     7 |    48 |    66 |     5 ||   126
         Mephitic Cloud    |       |       |     1 |    11 |     2 |       ||    14
         Sticky Flame      |       |       |       |       |    38 |     6 ||    44
         Yara's Violent Un |       |       |       |       |       |    16 ||    16
 Invoke: Dark Bargain      |       |       |     6 |     5 |     9 |     3 ||    23
         Recall Undead Har |       |       |     2 |     1 |    13 |     4 ||    20
         Bind Soul         |       |       |       |       |     3 |       ||     3
         Drain Life        |       |       |       |       |     1 |     5 ||     6
  Evoke: Wand              |       |     3 |     2 |     1 |    19 |     1 ||    26
         Box of beasts     |       |       |       |     1 |     2 |       ||     3
    Use: Potion            |     1 |       |       |     2 |     8 |     4 ||    15
         Scroll            |     2 |     1 |     4 |    13 |    16 |       ||    36
   Stab: Paralysed         |     4 |     6 |    11 |    28 |    33 |     9 ||    91
         Sleeping          |     1 |     1 |       |     6 |    12 |     6 ||    26
         Distracted        |       |     1 |       |       |    21 |     8 ||    30
         Confused          |       |       |     1 |     6 |     1 |       ||     8
         Petrified         |       |       |       |       |     5 |       ||     5
         Petrifying        |       |       |       |       |     1 |       ||     1
 Armour: Robe              |    36 |     4 |       |       |       |       ||    40
         Leather armour    |       |    14 |    80 |   222 |   366 |   206 ||   888
  Dodge: Dodged            |    61 |    41 |    54 |   230 |   333 |   169 ||   888
  Block: Kite shield       |       |       |       |       |    74 |       ||    74
         Buckler           |       |       |       |       |   122 |   143 ||   265
         Reflection        |       |       |       |       |    22 |    24 ||    46

Table legend: (Time is in decaauts)
 A = Elapsed time spent in this place.
 B = Non-inter-level travel time spent in this place.
 C = Inter-level travel time spent in this place.
 D = Time resting spent in this place.
 E = Time spent auto-exploring this place.
 F = Levels seen in this place.
 G = Mean time per level.
                   A        B        C        D        E       F      G
               +--------+--------+--------+--------+--------+-----+--------+
         Total |  27023 |  25728 |   1295 |   2458 |  17894 |  29 |  931.8 |
       Dungeon |  14023 |  13225 |    798 |    602 |  10271 |  15 |  934.9 |
        Temple |     13 |      7 |      6 |      0 |      0 |   1 |   13.0 |
          Lair |   5452 |   5164 |    288 |    315 |   3564 |   5 | 1090.4 |
     Snake Pit |   4402 |   4276 |    126 |    682 |   2698 |   4 | 1100.5 |
  Orcish Mines |   1704 |   1630 |     74 |    214 |   1120 |   2 |  852.0 |
      Ice Cave |   1012 |   1012 |      0 |    508 |    124 |   1 | 1012.0 |
      Gauntlet |    413 |    413 |      0 |    137 |    116 |   1 |  413.0 |
               +--------+--------+--------+--------+--------+-----+--------+

Top non-repeatable levels by time:
    D:10: 1653 daAuts
     D:6: 1331 daAuts
  Lair:2: 1281 daAuts
 Snake:2: 1203 daAuts
     D:9: 1189 daAuts
 Snake:4: 1163 daAuts
  Lair:1: 1119 daAuts
    D:11: 1111 daAuts
  Lair:5: 1069 daAuts
  Lair:4: 1044 daAuts
   Orc:2: 1036 daAuts
 Snake:3: 1029 daAuts
   IceCv: 1012 daAuts
     D:7: 1006 daAuts
 Snake:1: 1006 daAuts
